 Dungeon Crawl Stone Soup version 0.19.5 (webtiles) character file.

133 crafterik the Chopper (level 4, -1/34 HPs)
             Began as a Demonspawn Gladiator on Apr 15, 2017.
             Slain by Crazy Yiuf
             ... wielding a +4 quarterstaff of chaos
              (2 damage)
             ... on level 2 of the Dungeon.
             The game lasted 00:09:25 (2047 turns).

crafterik the Chopper (Demonspawn Gladiator)        Turns: 2047, Time: 00:09:26

Health: -1/34      AC:  6    Str: 17    XL:     4   Next: 93%
Magic:  4/4        EV: 12    Int:  9    God:
Gold:   120        SH:  0    Dex: 13    Spells: 1 memorised, 2 levels left

rFire  . . .     SeeInvis .     a - +0 war axe
rCold  . . .     Gourm    .     b - +0 leather armour
rNeg   . . .     Faith    .     (no shield)
rPois  .         Spirit   .     c - +0 helmet
rElec  .         Reflect  .     i - +0 cloak
rCorr  .         Harm     .     m - +0 pair of gloves
MR     .....                    (no boots)
Stlth  +.........               (no amulet)
                                (no ring)
                                (no ring)

@: lethally poisoned (-1 -> -7), drained
A: claws 2
a: no special abilities


You were on level 2 of the Dungeon.
You were hungry.

You visited 1 branch of the dungeon, and saw 2 of its levels.

You collected 120 gold pieces.

Inventory:

Hand Weapons
 a - a +0 war axe (weapon)
Missiles
 d - 3 throwing nets (quivered)
Armour
 b - a +0 leather armour (worn)
 c - a +0 helmet (worn)
 e - a cursed +1 ring mail
 i - a +0 cloak (worn)
 m - a +0 pair of gloves (worn)
Jewellery
 n - a cursed ring of teleportation
Wands
 l - a wand of flame (20/48)
Scrolls
 g - a scroll of remove curse {unknown}
 k - 2 scrolls of identify
Potions
 j - a potion of degeneration {unknown}
 p - a potion of resistance {unknown}
 q - a potion of magic {unknown}
 s - a potion of heal wounds
Books
 h - a book of Cantrips

   Spells                             Type                      Level
   a - Confusing Touch                Hexes                        1
   b - Animate Skeleton               Necromancy                   1
   c - Summon Small Mammal            Summoning                    1
   d - Apportation                    Translocation                1
Comestibles
 f - 3 bread rations
 o - a meat ration
 r - a beef jerky


   Skills:
 + Level 2.9(2.6) Fighting
 + Level 4.0(3.7) Axes
 + Level 1.8(1.6) Throwing
 + Level 1.3(1.1) Armour
 + Level 3.1(2.9) Dodging


You had 2 spell levels left.
You knew the following spells:

 Your Spells              Type           Power        Failure   Level  Hunger
a - Confusing Touch       Hex            #.....       50%         1    ##.....


Dungeon Overview and Level Annotations

Branches:
Dungeon (2/15)

Altars:
Ashenzari
Fedhas
Trog

Annotations:
D:2 Crazy Yiuf


Innate Abilities, Weirdness & Mutations

You have very sharp fingernails.


Message History

You slash Crazy Yiuf!
Crazy Yiuf is severely wounded.
You feel sick.
Crazy Yiuf whimpers, "You!
Fire bush action."
Crazy Yiuf drinks a potion.
Crazy Yiuf is healed!
You barely miss Crazy Yiuf.
Crazy Yiuf is moderately wounded.
You feel sick.
Crazy Yiuf hits you with a quarterstaff of chaos.
Crazy Yiuf freezes you.
You hit Crazy Yiuf but do no damage.
Crazy Yiuf is moderately wounded.
You feel sick.
Crazy Yiuf hits you with a quarterstaff of chaos!
* * * LOW HITPOINT WARNING * * *
Crazy Yiuf freezes you.
* * * LOW HITPOINT WARNING * * *
Crazy Yiuf says, "Iron horse senile!"
Crazy Yiuf hits you with a quarterstaff of chaos.
You die...

#.........#
#....#
#####...###
#....# #####
#....#
#....# #####
############
#..)#
#...........
#...#
#.##########
#.g.# #.#
#@# #.# ♣♣.♣
#.# ♣.♣♣ #.#
♣♣.♣ #.#
♣.♣♣ #.#
♣♣.♣♣ #.#
♣...♣ #.#
♣...♣♣ #.#
#....# #.#


You could see Crazy Yiuf.

Vanquished Creatures
  Jessica (D:2)
  Ijyb (D:2)
  Robin (D:2)
  An adder (D:2)
  A dart slug (D:1)
  4 leopard geckos
  17 goblins
  4 hobgoblins (D:1)
  7 jackals (D:2)
  A quokka (D:2)
  A ball python (D:1)
  2 bats
  A frilled lizard (D:2)
  6 kobolds
  A rat (D:2)
49 creatures vanquished.

Notes
Turn   | Place    | Note
-------+----------+-------------------------------------------
     0 | D:1      | crafterik the Demonspawn Gladiator began the quest for the Orb.
     0 | D:1      | Reached XP level 1. HP: 16/16 MP: 1/1
    67 | D:1      | Reached skill level 3 in Axes
   123 | D:1      | Gained mutation: You have sharp fingernails. [demonic ancestry]
   123 | D:1      | Reached XP level 2. HP: 21/22 MP: 2/2
   811 | D:2      | Learned a level 1 spell: Confusing Touch
   827 | D:2      | Noticed Jessica
   832 | D:2      | Found a bloodstained altar of Trog.
   839 | D:2      | Killed Jessica
   839 | D:2      | Gained mutation: You have very sharp fingernails. [demonic ancestry]
   839 | D:2      | Reached XP level 3. HP: 20/28 MP: 3/3
   892 | D:2      | Noticed Robin
   912 | D:2      | Killed Robin
   912 | D:2      | Reached XP level 4. HP: 18/34 MP: 4/4
  1319 | D:2      | Reached skill level 1 in Armour
  1433 | D:2      | Noticed Ijyb
  1451 | D:2      | Killed Ijyb
  1451 | D:2      | Reached skill level 4 in Axes
  1894 | D:2      | Found a blossoming altar of Fedhas.
  1894 | D:2      | Found a shattered altar of Ashenzari.
  2034 | D:2      | Found a runed door.
  2038 | D:2      | Noticed Crazy Yiuf
  2047 | D:2      | HP: 1/34 [Crazy Yiuf/quarterstaff of chaos (4)]
  2047 | D:2      | Slain by Crazy Yiuf

Skill      XL: |  1  2  3  4 |
---------------+-------------+-----
Axes           | 3 4 |  4.0
Dodging        | 3 |  3.1
Armour         | 1 |  1.3
Fighting       | |  2.9
Throwing       | |  1.8

Action                   |  1- 3 |  4- 6 || total
-------------------------+-------+-------++-------
Melee: War axe           |    81 |    93 ||   174
  Use: Scroll            |     4 |       ||     4
       Potion            |     2 |       ||     2
  Eat: Chunk             |       |     3 ||     3
Armor: Leather armour    |    42 |    28 ||    70
Dodge: Dodged            |    77 |    79 ||   156
